 Dungeon Crawl Stone Soup version 0.30.1-11-g7821555f0a (webtiles) character file.

Game seed: 12644049395254115055

46 SacredBeard the Vexing (level 3, -1/20 HPs)
             Began as a Deep Elf Hexslinger on Oct 30, 2023.
             Slain by an adder (3 damage)
             ... on level 2 of the Dungeon.
             The game lasted 00:02:55 (1755 turns).

SacredBeard the Vexing (Deep Elf Hexslinger)        Turns: 1755, Time: 00:02:55

Health: -1/20      AC:  3    Str:  7    XL:     3   Next: 46%
Magic:  8/8        EV: 12    Int: 17    God:
Gold:   103        SH:  0    Dex: 17    Spells: 5/6 levels left

rFire   . . .        e - +0 hand axe (freeze)
rCold   . . .        (no shield)
rNeg    . . .        p - +0 leather armour
rPois   .            (no helmet)
rElec   .            (no cloak)
rCorr   .            (no gloves)
SInv    .            (no boots)
Will    .....        (no amulet)
Stlth   +            (no ring)
HPRegen 0.23/turn    (no ring)
MPRegen 0.11/turn

%: no passive effects
@: lethally poisoned (-1 -> -2)
A: no striking features
a: no special abilities


You were on level 2 of the Dungeon.
You visited 1 branch of the dungeon, and saw 2 of its levels.

You collected 103 gold pieces.

Inventory:

Hand Weapons
 a - a +1 sling
 e - a +0 hand axe of freezing (weapon)
Missiles
 o - 2 throwing nets
Armour
 p - a +0 leather armour (worn)
Scrolls
 b - 3 scrolls of poison
 d - 4 scrolls of teleportation {unknown}
 f - a scroll of identify {unknown}
 g - a scroll of vulnerability {unknown}
 j - a scroll of blinking {unknown}
Potions
 h - a potion of brilliance {unknown}
 i - 3 potions of curing {unknown}
 k - a potion of cancellation {unknown}
 l - 2 potions of berserk rage {unknown}
 m - a potion of invisibility {unknown}
 n - a potion of degeneration {unknown}


   Skills:
 - Level 1.0 Fighting
 * Level 3.7 Ranged Weapons
 + Level 0.9 Armour
 + Level 2.8 Dodging
 + Level 2.2 Spellcasting
 + Level 4.3 Hexes


You had 5 spell levels left.
You knew the following spells:

 Your Spells              Type           Power      Damage    Failure   Level
a - Slow                  Hex            64%        N/A       4%          1

Your spell library contained the following spells:

 Spells                   Type           Power      Damage    Failure   Level
 Apportation              Tloc           2%         N/A       28%         1
 Inner Flame              Hex/Fire       9%         N/A       34%         3
 Portal Projectile        Hex/Tloc       18%        N/A       34%         3
 Cause Fear               Hex            8%         N/A       43%         4
 Alistair's Intoxication  Tmut/Pois      0%         N/A       100%        5


Dungeon Overview and Level Annotations

Branches:
Dungeon (2/15) Zot: 10215

Altars:

Shops:
D:1 (   D:2 (


Message History

You are too injured to fight recklessly!
You are too injured to fight recklessly!
You are too injured to fight recklessly!
You are too injured to fight recklessly!
You are too injured to fight recklessly!
You miss the adder.
You feel sick. The adder bites you.
You barely miss the adder.
You feel sick. The adder misses you. The adder closely misses you.
You hit the adder.
The adder seems to slow down.
You freeze the adder.
The adder is heavily wounded.
You feel sick. The adder closely misses you.
You closely miss the adder.
The adder is heavily wounded.
You feel sick.
You are no longer poisoned.
The adder barely misses you.
You barely miss the adder.
The adder is moderately wounded.
The adder bites you but does no damage. The adder misses you.
You hit the adder but do no damage.
The adder is moderately wounded.
The adder barely misses you.
You barely miss the adder.
The adder is moderately wounded.
The adder is no longer moving slowly.
The adder bites you.
You are poisoned.
The adder poisons you!
You hit the adder.
The adder seems to slow down.
You freeze the adder.
The adder is heavily wounded.
You feel sick. The adder bites you.
* * * LOW HITPOINT WARNING * * *
You barely miss the adder.
The adder is heavily wounded.
You feel sick. The adder bites you.
* * * LOW HITPOINT WARNING * * *
You hit the adder but do no damage.
The adder is heavily wounded.
* * * LOW HITPOINT WARNING * * *
You feel sick. The adder bites you.
You die...

#.#..# #.# #....# #.#.###.# #
..##.# #.#####..# #.......# #
#....# #........# ##...#### #
###### #######.## #.....# # #.##
#.# ###.....## ## ...##
#####.#####........# ##. ....##
##.##...##........#.###..
.....####.......##.#.##...#.##...
.....'.........S@............)...
.....####....#####.#......#.##...
....## ##.#.# #.#..##..#.###..
...## ###.# #.#..###.#.# ##. ..##
#.# #.#........# ## '## #.#
#........### # .# #.#
####.######### .# #.# #.........#
.## #.# #########.# #


You could see an adder (slow).

Vanquished Creatures
  A worm (D:2)
  A dart slug (D:2)
  5 endoplasms
  A giant cockroach (D:1)
  3 goblins
  2 hobgoblins
  3 jackals (D:2)
  2 kobolds (D:2)
  6 ball pythons
  8 bats
  4 frilled lizards
  2 rats (D:1)
38 creatures vanquished.

Notes
Turn   | Place    | Note
-------+----------+-------------------------------------------
     0 | D:1      | SacredBeard the Deep Elf Hexslinger began the quest for the
                  | Orb.
     0 | D:1      | Reached XP level 1. HP: 11/11 MP: 5/5
   235 | D:1      | Reached skill level 1 in Fighting
   285 | D:1      | Reached XP level 2. HP: 15/16 MP: 6/6
   646 | D:1      | Found Nugaveipt's Weapon Boutique.
   937 | D:2      | Found Ceempod's Antique Weapon Shoppe.
  1125 | D:2      | Reached XP level 3. HP: 20/20 MP: 8/8
  1384 | D:2      | Identified the +1 leather armour "Meleri" {+Inv rN+ Will+}
  1755 | D:2      | Slain by an adder

Illustrated notes

Levels and vault maps discovered:
D:1:      minmay_arrival_cross, layout_basic, serial_shops,
          nicolae_shop_bloodbath_and_beyond, minmay_hexomino_p4
D:2:      minmay_chambers_of_ones, layout_loops_corners, serial_shops,
          nicolae_shop_statue_plus

Skill      XL: |  1  2 |
---------------+-------+-----
Fighting       | 1 |  1.0
Ranged Weapons | 3 |  3.7
Spellcasting   | 2 |  2.2
Armour         | |  0.9
Dodging        | |  2.8
Hexes          | |  4.3

Action                     || total
---------------------------++-------
  Melee: Hand axe          ||    22
   Fire: Sling             ||    95
   Cast: Slow              ||     1
 Armour: Robe              ||    13
         Leather armour    ||     2
  Dodge: Dodged            ||    44
